 Dungeon Crawl Stone Soup version bcrawl-1.14 (webtiles) character file.

Game seed: 17660491376087786877

15 MisterOstroum the Ducker (level 2, 21/21 HPs)
             Began as a Fairy Reaver on Sept 6, 2019.
             Was an Initiate of Vehumet.
             Quit the game on level 1 of the Dungeon.
             The game lasted 00:01:19 (610 turns).

MisterOstroum the Ducker (Fairy Reaver)              Turns: 610, Time: 00:01:20

Health: 21/21      AC:  3    Str:  9    XL:     2   Next: 50%
Magic:  7/7        EV: 15    Int: 17    God:    Vehumet [......]
Gold:   118        SH:  3    Dex: 10    Spells: 6/6 levels left

rFire    . . .     SeeInvis .   k - +0 short sword
rCold    . . .     Gourm    .   (shield restricted)
rNeg     . . .     Faith    .   (armour unavailable)
rPois    .         Spirit   .   (no helmet)
rElec    .         Reflect  .   (no cloak)
rCorr    .         Harm     .   (no gloves)
MR       .....                  (no boots)
Stlth    ..........             (no amulet)
HPRegen  0.07/turn              (no ring)
MPRegen  0.10/turn              (no ring)

@: no status effects
A: small, magic attunement, unstealthy, unfitting armour, able to fly, AC/SH +3
a: Fly, Renounce Religion


You were on level 1 of the Dungeon.
You worshipped Vehumet.
Vehumet was noncommittal.
You were not hungry.

You visited 1 branch of the dungeon, and saw 1 of its levels.

You collected 118 gold pieces.

Inventory:

Hand Weapons
 a - a +0 long sword
 k - a +0 short sword (weapon)
Missiles
 i - 89 stones (quivered)
Scrolls
 c - a scroll of immolation
 f - a scroll of enchant armour {unknown}
 j - a scroll of identify {unknown}
Potions
 b - a potion of haste {@q4 !q}
 g - a potion of agility {unknown}
 h - a potion of curing {unknown}
Comestibles
 e - a ration {!d}


   Skills:
 + Level 3.1 Fighting
 - Level 2.7 Long Blades
 - Level 4.0 Dodging
 - Level 2.6 Spellcasting


You had 6 spell levels left.
You didn't know any spells.
Your spell library contained the following spells:

 Spells                   Type           Power        Failure   Level  Hunger
 Iskenderun's Battlesphe  Conj/Chrm      #.......     99%         5    None


Dungeon Overview and Level Annotations

Branches:
Dungeon (1/12)

Altars:


Innate Abilities, Weirdness & Mutations

Your spells do not cause hunger and MP costs are reduced by 1.
Your bright wings attract enemies. (Stealth-)
You cannot fit into any form of body armour.
Your shimmering scales are hard and can block incoming attacks. (AC +3, SH +3)
You are small and have problems with some larger weapons.
You can fly continuously.


Message History

The frilled lizard bites you but does no damage.
You hit the frilled lizard.
You kill the frilled lizard!
Vehumet accepts your kill.
No target in view!
No target in view!
No target in view!
No target in view!
You now have 114 gold pieces (gained 19).
You now have 118 gold pieces (gained 4).
Found a stone staircase leading down.
There is a stone staircase leading down here.
Some of the chunks of flesh in your inventory have rotted away.
A kobold comes into view.
The kobold shouts!
A kobold is nearby!
A kobold is nearby!
Throwing (i - inventory)
i - 93 stones (quivered)
Press: ? - help, Shift-Dir - straight line, f - kobold
Aim: a kobold You throw a stone.
The stone hits the kobold but does no damage.
You barely miss the kobold. The kobold hits you.
You hit the kobold.
The kobold is severely wounded.
The kobold barely misses you.
You closely miss the kobold.
The kobold is severely wounded.
The kobold hits you.
You hit the kobold but do no damage.
The kobold is severely wounded.
The kobold hits you but does no damage.
You miss the kobold.
The kobold is severely wounded.
The kobold completely misses you.
You hit the kobold.
You kill the kobold!
Vehumet accepts your kill.
No target in view!
No target in view!
No target in view!
No target in view!
You see here a kobold corpse.
You open the door.
There is an open door here.
There is an open door here.
There is an open door here.
There is a staircase leading out of the dungeon here.
All of the chunks of flesh in your inventory have rotted away.
A goblin comes into view. It is wielding a +0 club.
The goblin shouts!
A goblin is nearby!
A goblin is nearby!
A goblin is nearby!
Throwing (i - inventory)
i - 92 stones (quivered)
Press: ? - help, Shift-Dir - straight line, f - goblin
Aim: a goblin, wielding a +0 club You throw a stone.
The stone barely misses the goblin.
Throwing (i - inventory)
i - 91 stones (quivered)
Press: ? - help, Shift-Dir - straight line, f/p - goblin
Aim: a goblin, wielding a +0 club You throw a stone.
The stone closely misses the goblin.
Throwing (i - inventory)
i - 90 stones (quivered)
Press: ? - help, Shift-Dir - straight line, f/p - goblin
Aim: a goblin, wielding a +0 club You throw a stone.
The stone closely misses the goblin.
You hit the goblin but do no damage. The goblin closely misses you.
You hit the goblin.
The goblin is severely wounded.
The goblin hits you but does no damage.
You barely miss the goblin.
The goblin is severely wounded.
The goblin closely misses you.
You miss the goblin.
The goblin is severely wounded.
The goblin misses you.
You barely miss the goblin.
The goblin is severely wounded.
The goblin closely misses you.
You barely miss the goblin.
The goblin is severely wounded.
The goblin hits you with a +0 club.
You hit the goblin.
You kill the goblin!
Vehumet accepts your kill.
No target in view!
No target in view!
No target in view!
No target in view!
No target in view!
No target in view!
No target in view!
No target in view!
You open the door.
There is an open door here.
Done exploring.
Done exploring.
Done exploring.
Done exploring.
Are you sure you want to abandon this character and quit the game? (Confirm with "yes".)

###########
#.........#####
#.........'...#
####.........###@#
..#####..^.#.# #.#
..# #.##.#.# #.#
..#####.#....###.#
.......>.........#
..########...#####
### #.).######## #
#...#......#
######
#...#.####.#


There were no monsters in sight!

Vanquished Creatures
  3 bats (D:1)
  A giant cockroach (D:1)
  3 goblins (D:1)
  2 kobolds (D:1)
  2 frilled lizards (D:1)
  3 rats (D:1)
14 creatures vanquished.

Notes
Turn   | Place    | Note
-------+----------+-------------------------------------------
     0 | D:1      | MisterOstroum the Fairy Reaver began the quest for the Orb.
     0 | D:1      | Reached XP level 1. HP: 15/15 MP: 6/6
   160 | D:1      | Reached XP level 2. HP: 14/20 MP: 7/7
   610 | D:1      | Quit the game

Skill      XL: |  1  2 |
---------------+-------+-----
Fighting       | 3 |  3.1
Long Blades    | |  2.7
Dodging        | |  4.0
Spellcasting   | |  2.6

Action                   || total
-------------------------++-------
Melee: Long sword        ||    19
       Short sword       ||    21
Throw: Stone             ||    22
 Abil: Stop Flying       ||     1
Armor: Skin              ||     8
Dodge: Dodged            ||    29
Block: Other             ||     3
